 Dungeon Crawl Stone Soup version 0.31-a0-214-gb37851dbb3 (webtiles) character file.

Game seed: 13173275620774257935

53 qw the Shooter (level 3, -1/21 HPs)
             Began as a Gargoyle Hexslinger on July 1, 2023.
             Slain by a worm (4 damage)
             ... on level 3 of the Dungeon.
             The game lasted 00:00:22 (781 turns).

qw the Shooter (Gargoyle Hexslinger)                 Turns: 781, Time: 00:00:23

Health: -1/21      AC:  9    Str: 11    XL:     3   Next: 87%
Magic:  4/4        EV: 10    Int: 13    God:
Gold:   26         SH:  0    Dex: 14    Spells: 3/4 levels left

rFire   . . .        Y - +2 longbow (freeze)
rCold   . . .        (shield currently unavailable)
rNeg    + . .        g - +0 ring mail
rPois   inf          i - +0 helmet
rElec   +            (no cloak)
rCorr   .            (no gloves)
SInv    .            (no boots)
Will    .....        (no amulet)
Stlth   +            (no ring)
HPRegen 0.23/turn    (no ring)
MPRegen 0.09/turn

%: no passive effects
@: no status effects
A: sickness immunity, AC +3, negative energy resistance 1, electricity
resistance, torment resistance 1, petrification resistance
a: no special abilities


You were on level 3 of the Dungeon.
You visited 1 branch of the dungeon, and saw 4 of its levels.

You collected 68 gold pieces.
You spent 42 gold pieces at shops.


Innate Abilities, Weirdness & Mutations

You are immune to sickness and miasma.
Your stone body is resilient. (AC +3)
You are immune to poison.
You resist negative energy. (rN+)
You are resistant to electric shocks. (rElec)
You are resistant to unholy torment.
You are immune to petrification.


   Skills:
 - Level 2.0 Fighting
 + Level 3.0 Ranged Weapons
 - Level 2.1 Armour
 - Level 1.5 Dodging
 - Level 1.0 Spellcasting
 - Level 2.6 Hexes


You had 3 spell levels left.
You knew the following spells:

 Your Spells              Type           Power      Damage    Failure   Level
a - Slow                  Hex            28%        N/A       22%         1

Your spell library contained the following spells:

 Spells                   Type           Power      Damage    Failure   Level
 Inner Flame              Hex/Fire       4%         N/A       75%         3
 Portal Projectile        Hex/Tloc       8%         N/A       75%         3
 Cause Fear               Hex            3%         N/A       91%         4

Inventory:

Hand Weapons
 Y - a +2 longbow of freezing (weapon)
Armour
 g - a +0 ring mail (worn)
 i - a +0 helmet (worn)
Scrolls
 b - a scroll of teleportation
Potions
 c - a potion of heal wounds {unknown}
 d - a potion of brilliance {unknown}
 e - a potion of curing {unknown}
 f - a potion of degeneration {unknown}
 j - a potion of haste {unknown}
 k - a potion of might
 l - a potion of mutation {unknown}
 m - a potion of lignification {unknown}

Dungeon Overview and Level Annotations

Branches:
Dungeon (4/15)
 Temple: D:4-7

Altars:

Shops:
D:2 ?!

Annotations:
D:3 Ijyb


Message History

761 ||| DROPPING potion of magic.
You drop a potion of magic.
(D) Dungeon
Where to? (* - list waypoints, Enter - D:2, ? - help)
What level of the Dungeon? (default 1, ? - help)
You swap places.
You swap places.
Found a stone staircase leading up.
You swap places.
You swap places.
There is a stone staircase leading up here.
You climb upwards.
Your summoned allies are left behind.
The endoplasm quivers.
Found 6 gold pieces and an iron ring.
Found two stone staircases leading down and a stone staircase leading up.
There is a stone staircase leading down here.
There are monsters nearby!
Waypoint 3 assigned to D:3.
771 ||| FLEEEEING.
772 ||| FLEEEEING.
773 ||| FLEEEEING.
Ijyb the Twisted Goblin comes into view.
She is wielding a +0 club, wearing a +0 leather armour of poison resistance and carrying a wand of flame (6).
You shoot an arrow. The arrow hits the endoplasm!
The arrow freezes the endoplasm.
You kill the endoplasm!
You shoot an arrow. The arrow closely misses Ijyb.
You shoot an arrow. The arrow hits Ijyb but does no damage.
Ijyb screams, "It's all mine!"
Ijyb screams, "Level is mine!
All mine!"
You shoot an arrow. The arrow barely misses Ijyb.
Ijyb hits you with a +0 club.
You shoot an arrow. The arrow hits Ijyb but does no damage.
Ijyb barely misses you. x2
You shoot an arrow. The arrow hits Ijyb.
The arrow freezes Ijyb.
Ijyb is lightly wounded.
Ijyb zaps a wand.
The puff of flame hits you. Ijyb hits you with a +0 club.
You shoot an arrow. The arrow closely misses Ijyb.
Ijyb hits you with a +0 club. The worm barely misses you.
You shoot an arrow. The arrow hits Ijyb.
The arrow freezes Ijyb.
Ijyb is heavily wounded.
Ijyb zaps a wand.
The puff of flame hits you. The worm bites you.
Ijyb hits you but does no damage. The worm bites you.
You die...

#....# ######
###.#..
#.....##.....##
..............#
..............#
..........>...##
...............#
....$..w.........#
......g@.....>....
..................
......>...........
#....<.#..........
######............
#####.......
#..... #...


You could see Ijyb and a worm.

Vanquished Creatures
  An iguana (D:4)
  An orc (D:4)
  2 bats (D:1)
  2 endoplasms
  3 giant cockroaches
  A hobgoblin (D:1)
  A quokka (D:1)
  4 ball pythons
  2 frilled lizards
  4 kobolds (D:1)
  4 rats (D:1)
25 creatures vanquished.

Notes
Turn   | Place    | Note
-------+----------+-------------------------------------------
     0 | D:1      | qw the Gargoyle Hexslinger began the quest for the Orb.
     0 | D:1      | Reached XP level 1. HP: 12/12 MP: 2/2
     0 | D:1      | 0 ||| qw: Version: 0.3-a-32-g5962c71
     0 | D:1      | 0 ||| qw: Game counter: 7518
     0 | D:1      | 0 ||| qw: Melee chars always use a shield: true
     0 | D:1      | 0 ||| qw: God list: Okawaru
     0 | D:1      | 0 ||| qw: Allow faded altars: false
     0 | D:1      | 0 ||| qw: Do Orc after clearing Dungeon:15 true
     0 | D:1      | 0 ||| qw: Do second Lair branch before Depths: true
     0 | D:1      | 0 ||| qw: Lair rune preference: random
     0 | D:1      | 0 ||| qw: Goals: Normal
     0 | D:1      | 0 ||| PLANNING D:1-11
    58 | D:1      | HP: 3/12 [kobold/+0 short sword (2)]
    61 | D:1      | 61 ||| FLEEEEING.
    62 | D:1      | 62 ||| FLEEEEING.
   127 | D:1      | Reached XP level 2. HP: 16/16 MP: 3/3
   186 | D:1      | Reached skill level 3 in Ranged Weapons
   421 | D:1      | 421 ||| UPGRADING to +0 ring mail.
   431 | D:1      | 431 ||| DROPPING +0 robe.
   432 | D:1      | 432 ||| UPGRADING to +0 helmet.
   437 | D:1      | 437 ||| READING scroll labelled MYDGHA CE CAMAG.
   438 | D:1      | 438 ||| READING scroll labelled SUESHRE LOSUGUG.
   439 | D:1      | 439 ||| READING scroll labelled HIFYHAL RUAGI.
   440 | D:1      | 440 ||| DRINKING 2 viscous white potions.
   441 | D:1      | 441 ||| DROPPING scroll of poison.
   479 | D:2      | 479 ||| SWAPPING to +2 longbow of freezing.
   480 | D:2      | 480 ||| DROPPING +1 sling.
   503 | D:2      | Found Meozof's Magic Scroll Emporium.
   508 | D:2      | 508 ||| SHOPLISTING scroll of enchant weapon (105 gold,
                  | have 68).
   508 | D:2      | 508 ||| BUYING scroll of teleportation (42 gold).
   508 | D:2      | Bought a scroll of teleportation for 42 gold pieces
   547 | D:2      | Found Niseeg's Distillery.
   556 | D:2      | 556 ||| SHOPLISTING 2 potions of haste (280 gold, have 26).
   556 | D:2      | 556 ||| SHOPLISTING potion of curing (42 gold, have 26).
   556 | D:2      | 556 ||| SHOPLISTING potion of heal wounds (70 gold, have
                  | 26).
   556 | D:2      | 556 ||| SHOPLISTING potion of resistance (140 gold, have
                  | 26).
   642 | D:2      | Reached XP level 3. HP: 21/21 MP: 4/4
   663 | D:2      | You fall into a shaft and drop 2 floors!
   759 | D:4      | 759 ||| READING scroll labelled LEOCKI UTONU.
   760 | D:4      | 760 ||| DRINKING 2 sedimented dark potions.
   761 | D:4      | 761 ||| DROPPING potion of magic.
   771 | D:3      | 771 ||| FLEEEEING.
   772 | D:3      | 772 ||| FLEEEEING.
   773 | D:3      | 773 ||| FLEEEEING.
   773 | D:3      | Noticed Ijyb
   781 | D:3      | HP: 3/21 [worm (3)]
   781 | D:3      | Slain by a worm

Levels and vault maps discovered:
D:1:      matt_arrival_grand_opening, layout_rooms, minmay_box_of_dots
D:2:      layout_loops_corners, serial_shops,
          nicolae_shop_pleasant_corner_grove, shop, shop,
          nicolae_shop_gaudy_bauble, minmay_mini_jars
D:3:      layout_rooms, serial_shops, shop, hangedman_decor_clover_reticule,
          hangedman_feature_mirror, dreamdust_princess_corridor,
          bh_walls_and_bars, uniq_ijyb, uniq_jessica, uniq_natasha
D:4:      layout_loops_ring, uniq_eustachio

Skill      XL: |  1  2  3 |
---------------+----------+-----
Ranged Weapons | 3 |  3.0
Fighting       | 2 |  2.0
Armour         | 2 |  2.1
Dodging        | |  1.5
Spellcasting   | |  1.0
Hexes          | |  2.6

Action                     || total
---------------------------++-------
   Fire: Sling             ||    42
         Longbow           ||    15
    Use: Scroll            ||     4
         Potion            ||     2
 Armour: Robe              ||     7
         Ring mail         ||     1
  Dodge: Dodged            ||    10

Table legend:
 A = Non-vault XP
 B = Vault XP
 C = Vault XP percentage of total XP
 D = Non-vault monster count
 E = Vault monster count
 F = Vault count percentage of total count
                 A         B        C        D         E       F
            +---------+---------+-------+---------+---------+-------
      Total |      71 |       5 |   6.6 |      22 |       3 |  12.0
            +---------+---------+-------+---------+---------+-------
        D:1 |      24 |       5 |  17.2 |      16 |       3 |  15.8
        D:2 |       5 |       0 |   0.0 |       3 |       0 |   0.0
        D:3 |       2 |       0 |   0.0 |       1 |       0 |   0.0
        D:4 |      40 |       0 |   0.0 |       2 |       0 |   0.0
            +---------+---------+-------+---------+---------+-------
